 Dungeon Crawl Stone Soup version 0.32-a0-699-g1ee5eff69a (webtiles) character file.

Game seed: 10652824505613687297

226 Fodor the Covered (level 5, -4/47 HPs)
             Began as a Minotaur Fighter on Mar 13, 2024.
             Slain by Pikel
             ... wielding a +2 whip of freezing
              (8 damage)
             ... on level 4 of the Dungeon.
             The game lasted 00:08:26 (2517 turns).

Fodor the Covered (Minotaur Fighter)                Turns: 2517, Time: 00:08:27

Health: -4/47      AC: 11    Str: 22 (23) XL:     5   Next: 69%
Magic:  4/4        EV:  7    Int:  2 (5)  God:
Gold:   157        SH:  4    Dex:  8 (9)  Spells: 4/4 levels left

rFire   . . .        a - +0 war axe
rCold   . . .        c - +0 buckler
rNeg    . . .        b - +0 chain mail
rPois   .            (helmet restricted)
rElec   .            (no cloak)
rCorr   .            (no gloves)
SInv    .            f - +0 pair of boots
Will    .....        (no amulet) Stlth
                     (no ring)
HPRegen 0.27/turn    (no ring)
MPRegen 0.09/turn

%: no passive effects
@: no status effects
A: horns 2, retaliatory headbutt
a: no special abilities


You were on level 4 of the Dungeon.
You visited 1 branch of the dungeon, and saw 4 of its levels.

You collected 157 gold pieces.

Inventory:

Hand Weapons
 a - a +0 war axe (weapon)
Armour
 b - a +0 chain mail (worn)
 c - a +0 buckler (worn)
 f - a +0 pair of boots (worn)
Wands
 l - a wand of warping (4)
 n - a wand of light (11)
Scrolls
 i - a scroll of immolation {unknown}
 k - 2 scrolls of identify {unknown}
 o - a scroll of amnesia {unknown}
Potions
 d - a potion of might
 e - a potion of heal wounds
 g - a potion of lignification {unknown}
 h - a potion of resistance {unknown}
 j - a potion of brilliance {unknown}
 m - a potion of enlightenment {unknown}


   Skills:
 + Level 4.6 Fighting
 + Level 4.7 Axes
 + Level 5.3 Armour
 + Level 0.1 Dodging
 + Level 4.3 Shields


You had 4 spell levels left.
You didn't know any spells.
Your spell library contained the following spells:

 Spells                   Type           Power      Damage    Failure   Level
 Summon Ice Beast         Ice/Summ       0%         N/A       100%        3
 Leda's Liquefaction      Alch/Erth      0%         N/A       100%        4
 Lee's Rapid Deconstruct  Erth           0%         3d4*      100%        5
 Summon Mana Viper        Hex/Summ       0%         N/A       100%        5
 Permafrost Eruption      Ice/Erth       0%         2x4d2     100%        6
 Monstrous Menagerie      Summ           0%         N/A       100%        7


Dungeon Overview and Level Annotations

Branches:
Dungeon (4/15)
 Temple: D:4-7

Altars:

Annotations:
D:4 Pikel


Innate Abilities, Weirdness & Mutations

You have a pair of horns on your head.
You reflexively headbutt those who attack you in melee.


Message History

You hit the lemure but do no damage. x2; You hit the lemure.
The lemure hits you but does no damage.
Pikel hits you with a +2 whip of freezing.
Pikel freezes you.
The lemure hits you but does no damage. x2
The lemure barely misses you. You furiously retaliate!
You headbutt the lemure!
Pikel hits you with a +2 whip of freezing!
Pikel freezes you.
You hit Pikel.
Pikel is lightly wounded.
You miss the lemure. You barely miss the lemure. You hit the lemure.
The lemure hits you!
* * * LOW HITPOINT WARNING * * *
The lemure hits you but does no damage. Pikel hits you but does no damage.
The lemure hits you but does no damage. x2
You hit Pikel.
Pikel is lightly wounded.
You closely miss the lemure. You barely miss the lemure. You hit the lemure.
You hit the lemure but do no damage. The lemure closely misses you.
Pikel hits you with a +2 whip of freezing.
* * * LOW HITPOINT WARNING * * *
Pikel freezes you.
* * * LOW HITPOINT WARNING * * *
You block the lemure's attack. The lemure hits you.
* * * LOW HITPOINT WARNING * * *
The lemure hits you.
* * * LOW HITPOINT WARNING * * *
You slash Pikel! You headbutt Pikel.
Pikel is moderately wounded.
You hit the lemure.
You barely miss the lemure. x2; You slash the lemure!
The lemure barely misses you.
Pikel hits you with a +2 whip of freezing.
* * * LOW HITPOINT WARNING * * *
Pikel freezes you.
* * * LOW HITPOINT WARNING * * *
The lemure hits you but does no damage. x2; The lemure closely misses you.
You block the lemure's attack. Pikel attacks as he pursues you!
Pikel hits you with a +2 whip of freezing!
You die...
Pikel says, "See you in Hell!"

.# .# .# .#
#####.#
#.....#
#.....######
#.@.........
#5K5....####
#.55....#
#<.........
#....######
#....#
#....#
.......
###.####.


You could see Pikel and 4 lemures.

Vanquished Creatures
  An orc priest (D:3)
  9 gnolls
  3 adders
  2 dart slugs (D:1)
  2 orcs (D:3)
  6 ball pythons
  7 bats
  6 endoplasms
  3 giant cockroaches
  2 goblins
  5 hobgoblins
  12 jackals (D:1)
  5 kobolds
  3 quokkas (D:1)
  5 frilled lizards
  5 rats
76 creatures vanquished.

Notes
Turn   | Place    | Note
-------+----------+-------------------------------------------
     0 | D:1      | Fodor the Minotaur Fighter began the quest for the Orb.
     0 | D:1      | Reached XP level 1. HP: 19/19 MP: 0/0
   123 | D:1      | Reached XP level 2. HP: 25/27 MP: 1/1
   131 | D:1      | Reached skill level 4 in Armour
   214 | D:1      | Reached XP level 3. HP: 33/33 MP: 2/2
   713 | D:1      | Reached XP level 4. HP: 37/40 MP: 3/3
  1542 | D:2      | Reached XP level 5. HP: 47/47 MP: 4/4
  2066 | D:3      | Reached skill level 5 in Armour
  2505 | D:4      | Noticed Pikel
  2505 | D:4      | Noticed a lemure
  2505 | D:4      | Noticed a lemure
  2507 | D:4      | Noticed a lemure
  2508 | D:4      | Noticed a lemure
  2517 | D:4      | Slain by Pikel

Illustrated notes

Levels and vault maps discovered:
D:1:      dpeg_arrival_pits, layout_loops_ring, minmay_door_square,
          nicolae_titane
D:2:      layout_rooms, kennysheep_cross_room, minivault_4,
          kennysheep_flooded_box
D:3:      layout_rooms
D:4:      corexii_shack_village, layout_basic, hangedman_abyss_or_decor_passed,
          item_on_display_a, uniq_pikel, uniq_menkaure, uniq_edmund

Skill      XL: |  1  2  3  4  5 |
---------------+----------------+-----
Armour         | 4 5 |  5.3
Fighting       | 4 |  4.6
Shields        | 4 |  4.3
Axes           | 3 4 |  4.7
Dodging        | |  0.1

Action                     |  1- 3 |  4- 6 || total
---------------------------+-------+-------++-------
  Melee: War axe           |    75 |   111 ||   186
         Headbutt          |     8 |     9 ||    17
    Use: Potion            |       |     4 ||     4
 Armour: Scale mail        |    70 |    27 ||    97
         Chain mail        |       |    95 ||    95
  Dodge: Dodged            |    49 |    68 ||   117
  Block: Buckler           |    16 |    38 ||    54

Table legend: (Time is in decaauts)
 A = Elapsed time spent in this place.
 B = Non-inter-level travel time spent in this place.
 C = Inter-level travel time spent in this place.
 D = Time resting spent in this place.
 E = Time spent auto-exploring this place.
 F = Levels seen in this place.
 G = Mean time per level.
                   A        B        C        D        E       F      G
               +--------+--------+--------+--------+--------+-----+--------+
         Total |   2564 |   2485 |     79 |      0 |   1699 |   4 |  641.0 |
       Dungeon |   2564 |   2485 |     79 |      0 |   1699 |   4 |  641.0 |
               +--------+--------+--------+--------+--------+-----+--------+

Top non-repeatable levels by time:
     D:2: 1109 daAuts
     D:1: 836 daAuts
     D:3: 605 daAuts
     D:4: 13 daAuts
